PAA
MYRTLE BEACH MERMEN @ ATHLETIC CLUB KC ACADEMY
08/20/2022
 
TOP OF THE 1ST
Myrtle Beach Mermen batting - Pitching for Athletic Club KC Academy : LHP António Uribe
Pitching: LHP António Uribe
Batting: RHB Matt Love 0-0: Ball
1-0: Ball
2-0: Foul Ball, location: 2F
2-1: Foul Ball, location: 2F
2-2: Strikes out swinging
Batting: SHB David Vázquez 0-0: Called Strike
0-1: Called Strike
0-2: Ball
1-2: Ball
2-2: Ground out 6-3 (Groundball, 6M)
Batting: RHB Álex Rodríguez 0-0: Ball
1-0: Ground out 5-3 (Groundball, 15S)
Top of the 1st over - 0 run(s), 0 hit(s), 0 error(s), 0 left on base; Myrtle Beach 0 - Athletic Club KC Academy 0
BOTTOM OF THE 1ST
Athletic Club KC Academy batting - Pitching for Myrtle Beach Mermen : RHP Willis Parker
Pitching: RHP Willis Parker
Batting: SHB António Montés 0-0: Ground out 4-3 (Groundball, 4)
Batting: RHB Allen Williams 0-0: Ball
1-0: Called Strike
1-1: Ball
2-1: Ball
3-1: Fly out, F9 (Flyball, 9LM)
Batting: RHB Dave Robertson 0-0: Called Strike
0-1: Called Strike
0-2: Ball
1-2: Foul Ball, location: 2F
1-2: Ground out 6-3 (Groundball, 56S)
Bottom of the 1st over - 0 run(s), 0 hit(s), 0 error(s), 0 left on base; Myrtle Beach 0 - Athletic Club KC Academy 0
TOP OF THE 2ND
Myrtle Beach Mermen batting - Pitching for Athletic Club KC Academy : LHP António Uribe
Batting: RHB Alfredo López 0-0: Called Strike
0-1: Ball
1-1: Foul Ball, location: 2F
1-2: Ball
2-2: Ball
3-2: Strikes out swinging
Batting: LHB Joe Cashmore 0-0: Ball
1-0: Called Strike
1-1: Called Strike
1-2: Foul Ball, location: 2F
1-2: Ball
2-2: Ball
3-2: Strikes out looking
Batting: RHB Javier Robles 0-0: Ball
1-0: Ball
2-0: Ball
3-0: Called Strike
3-1: Swinging Strike
3-2: SINGLE (Flyball, 8LS)
Batting: RHB António Ruíz 0-0: Ball
1-0: Called Strike
1-1: Ball
Javier Robles steals 2nd base
2-1: Called Strike
2-2: Strikes out looking
Top of the 2nd over - 0 run(s), 1 hit(s), 0 error(s), 1 left on base; Myrtle Beach 0 - Athletic Club KC Academy 0
BOTTOM OF THE 2ND
Athletic Club KC Academy batting - Pitching for Myrtle Beach Mermen : RHP Willis Parker
Batting: LHB Ed Hammond 0-0: Ball
1-0: Ground out 4-3 (Groundball, 4)
Batting: RHB Chris Teague 0-0: Ground out 6-3 (Groundball, 6MS)
Batting: RHB Michael Walker 0-0: Called Strike
0-1: Ground out 5-3 (Groundball, 56S)
Bottom of the 2nd over - 0 run(s), 0 hit(s), 0 error(s), 0 left on base; Myrtle Beach 0 - Athletic Club KC Academy 0
TOP OF THE 3RD
Myrtle Beach Mermen batting - Pitching for Athletic Club KC Academy : LHP António Uribe
Batting: LHB Arturo Acevedo 0-0: SINGLE (Groundball, 34D)
Batting: RHB Jorge Reyes 0-0: Swinging Strike
0-1: Called Strike
0-2: Ball
1-2: Ball
2-2: Strikes out swinging
Batting: RHB Matt Love 0-0: Called Strike
0-1: Swinging Strike
0-2: Ball
1-2: Strikes out swinging
Batting: SHB David Vázquez 0-0: Hit by Pitch
Arturo Acevedo to second
Batting: RHB Álex Rodríguez 0-0: Called Strike
0-1: Ball
1-1: Swinging Strike
1-2: Ball
2-2: Ball
3-2: Strikes out swinging
Top of the 3rd over - 0 run(s), 1 hit(s), 0 error(s), 2 left on base; Myrtle Beach 0 - Athletic Club KC Academy 0
BOTTOM OF THE 3RD
Athletic Club KC Academy batting - Pitching for Myrtle Beach Mermen : RHP Willis Parker
Batting: RHB Bob Curry 0-0: Ball
1-0: Called Strike
1-1: Swinging Strike
1-2: Ball
2-2: Foul Ball, location: 2F
2-2: Foul Ball, location: 2F
2-2: Ball
3-2: Strikes out looking
Batting: RHB Larry Johnston 0-0: Called Strike
0-1: Ball
1-1: Ball
2-1: DOUBLE (Groundball, 5L)
Batting: RHB William Williams 0-0: Ball
1-0: Ball
2-0: Ball
3-0: Called Strike
3-1: Called Strike
3-2: Fly out, F6 (Popup, 6M)
Batting: SHB António Montés 0-0: Ball
1-0: Foul Ball, location: 2F
1-1: Ball
2-1: Ground out 6-3 (Groundball, 6M)
Bottom of the 3rd over - 0 run(s), 1 hit(s), 0 error(s), 1 left on base; Myrtle Beach 0 - Athletic Club KC Academy 0
TOP OF THE 4TH
Myrtle Beach Mermen batting - Pitching for Athletic Club KC Academy : LHP António Uribe
Batting: RHB Alfredo López 0-0: Called Strike
0-1: Ball
1-1: Fly out, F6 (Line Drive, 6M)
Batting: LHB Joe Cashmore 0-0: Ball
1-0: Called Strike
1-1: Swinging Strike
1-2: Strikes out swinging
Batting: RHB Javier Robles 0-0: Called Strike
0-1: Ball
1-1: Fly out, F9 (Flyball, 89M)
Top of the 4th over - 0 run(s), 0 hit(s), 0 error(s), 0 left on base; Myrtle Beach 0 - Athletic Club KC Academy 0
BOTTOM OF THE 4TH
Athletic Club KC Academy batting - Pitching for Myrtle Beach Mermen : RHP Willis Parker
Batting: RHB Allen Williams 0-0: Called Strike
0-1: Ball
1-1: Ball
2-1: Ball
3-1: Called Strike
3-2: Fly out, F4 (Line Drive, 4)
Batting: RHB Dave Robertson 0-0: Called Strike
0-1: Called Strike
0-2: Strikes out looking
Batting: LHB Ed Hammond 0-0: Ball
1-0: Called Strike
1-1: Foul Ball, location: 2F
1-2: Ball
2-2: SINGLE (Groundball, 4MD)
Batting: RHB Chris Teague 0-0: Ball
1-0: Called Strike
1-1: Foul Ball, location: 2F
1-2: Ball
Ed Hammond steals 2nd base
2-2: Ball
3-2: Fly out, F7 (Flyball, 7M)
Bottom of the 4th over - 0 run(s), 1 hit(s), 0 error(s), 1 left on base; Myrtle Beach 0 - Athletic Club KC Academy 0
TOP OF THE 5TH
Myrtle Beach Mermen batting - Pitching for Athletic Club KC Academy : LHP António Uribe
Batting: RHB António Ruíz 0-0: Foul Ball, location: 2F
0-1: Swinging Strike
0-2: Ball
1-2: Ball
2-2: Ball
3-2: Fly out, F9 (Flyball, 89M)
Batting: LHB Arturo Acevedo 0-0: Foul Ball, location: 2F
0-1: Foul Ball, location: 2F
0-2: Ball
1-2: Ground out U3 (Groundball, 3S)
Batting: RHB Jorge Reyes 0-0: SINGLE (Line Drive, 89M)
Batting: RHB Matt Love 0-0: Ball
1-0: Fly out, F9 (Flyball, 89M)
Top of the 5th over - 0 run(s), 1 hit(s), 0 error(s), 1 left on base; Myrtle Beach 0 - Athletic Club KC Academy 0
BOTTOM OF THE 5TH
Athletic Club KC Academy batting - Pitching for Myrtle Beach Mermen : RHP Willis Parker
Batting: RHB Michael Walker 0-0: Called Strike
0-1: Ball
1-1: Ball
2-1: Ball
3-1: Ground out 6-3 (Groundball, 6M)
Batting: RHB Bob Curry 0-0: Ball
1-0: Ball
2-0: Foul Ball, location: 2F
2-1: Swinging Strike
2-2: Foul Ball, location: 2F
2-2: Ball
3-2: Fly out, F8 (Flyball, 8LM)
Batting: RHB Larry Johnston 0-0: Swinging Strike
0-1: Ball
1-1: Foul Ball, location: 2F
1-2: Fly out, F9 (Flyball, 89S)
Bottom of the 5th over - 0 run(s), 0 hit(s), 0 error(s), 0 left on base; Myrtle Beach 0 - Athletic Club KC Academy 0
TOP OF THE 6TH
Myrtle Beach Mermen batting - Pitching for Athletic Club KC Academy : LHP António Uribe
Batting: SHB David Vázquez 0-0: Ground out 5-3 (Groundball, 5L)
Batting: RHB Álex Rodríguez 0-0: Called Strike
0-1: Ball
1-1: SINGLE (Groundball, 56D)
Batting: RHB Alfredo López 0-0: Called Strike
0-1: Ground out 5-3 (Groundball, 56S)
Álex Rodríguez to second
Batting: LHB Joe Cashmore 0-0: Foul Ball, location: 2F
0-1: Ball
1-1: Ball
2-1: Foul Ball, location: 2F
2-2: Foul Ball, location: 2F
2-2: Strikes out swinging
Top of the 6th over - 0 run(s), 1 hit(s), 0 error(s), 1 left on base; Myrtle Beach 0 - Athletic Club KC Academy 0
BOTTOM OF THE 6TH
Athletic Club KC Academy batting - Pitching for Myrtle Beach Mermen : RHP Willis Parker
Batting: RHB William Williams 0-0: Fly out, F9 (Flyball, 9D)
Batting: SHB António Montés 0-0: Ball
1-0: Called Strike
1-1: Foul Ball, location: 2F
1-2: Foul Ball, location: 2F
1-2: Ball
2-2: Ground out U3 (Groundball, 3)
Batting: RHB Allen Williams 0-0: Ball
1-0: Ball
2-0: Ball
3-0: Base on Balls
Batting: RHB Dave Robertson 0-0: Ball
1-0: Called Strike
1-1: Ball
2-1: Ground out 5-3 (Groundball, 5S)
Bottom of the 6th over - 0 run(s), 0 hit(s), 0 error(s), 1 left on base; Myrtle Beach 0 - Athletic Club KC Academy 0
TOP OF THE 7TH
Myrtle Beach Mermen batting - Pitching for Athletic Club KC Academy : LHP António Uribe
Batting: RHB Javier Robles 0-0: Swinging Strike
0-1: Ball
1-1: Called Strike
1-2: Foul Ball, location: 2F
1-2: Strikes out swinging
Batting: RHB António Ruíz 0-0: Called Strike
0-1: Ball
1-1: Fly out, F9 (Line Drive, 9M)
Pinch Hitting: RHB José Caballero 0-0: Fly out, F8 (Flyball, 8RM)
Top of the 7th over - 0 run(s), 0 hit(s), 0 error(s), 0 left on base; Myrtle Beach 0 - Athletic Club KC Academy 0
BOTTOM OF THE 7TH
Athletic Club KC Academy batting - Pitching for Myrtle Beach Mermen : RHP Willis Parker
Now at SS: José Caballero
Batting: LHB Ed Hammond 0-0: Ball
1-0: Ball
2-0: Ball
3-0: Called Strike
3-1: Base on Balls
Pitching: LHP Pedro Aquino
Batting: RHB Chris Teague 0-0: SINGLE (Line Drive, 8LS)
Ed Hammond to second
Pinch Hitting: RHB John Williams 0-0: Called Strike
0-1: Ball
1-1: Ball
2-1: Ball
3-1: Called Strike
3-2: Base on Balls
Ed Hammond to third
Chris Teague to second
Batting: RHB Bob Curry 0-0: Called Strike
0-1: Ball
1-1: Ball
2-1: Swinging Strike
2-2: Foul Ball, location: 2F
2-2: Ball
3-2: SINGLE (Groundball, 6M) (infield hit)
Ed Hammond scores
Chris Teague to third
John Williams to second
Pinch Hitting: RHB Frank Church 0-0: Ball
1-0: Ball
2-0: Ball
3-0: Called Strike
3-1: Swinging Strike
3-2: Base on Balls
Chris Teague scores
John Williams to third
Bob Curry to second
Batting: RHB William Williams 0-0: Foul Ball, location: 2F
0-1: Foul Ball, location: 2F
0-2: Ball
1-2: Ball
2-2: Strikes out swinging
Batting: SHB António Montés 0-0: Ball
1-0: Called Strike
1-1: Ball
2-1: Foul Ball, location: 2F
2-2: Foul Ball, location: 2F
2-2: Strikes out looking
Batting: RHB Allen Williams 0-0: Ball
1-0: Ball
2-0: Foul Ball, location: 2F
2-1: Ball
3-1: Fielders Choice at 2nd, 6-4 (Groundball, 6)
Bottom of the 7th over - 2 run(s), 2 hit(s), 0 error(s), 2 left on base; Myrtle Beach 0 - Athletic Club KC Academy 2
TOP OF THE 8TH
Myrtle Beach Mermen batting - Pitching for Athletic Club KC Academy : LHP António Uribe
Pitching: LHP John McCord
Now at SS: Frank Church
Now in LF: Mike Lovell
Now in RF: José Durán
Batting: RHB Jorge Reyes 0-0: Ball
1-0: Ball
2-0: DOUBLE (Line Drive, 5L)
Pitching: RHP Alfonso Álvarez
Batting: RHB Matt Love 0-0: Fly out, F7 (Flyball, 8LM)
Pitching: LHP Ignacio López
Batting: SHB David Vázquez 0-0: Ball
1-0: Called Strike
1-1: Ball
2-1: Swinging Strike
2-2: Strikes out swinging
Pitching: RHP Craig Evans
Batting: RHB Álex Rodríguez 0-0: Ball
1-0: SINGLE (Groundball, 5L)
Jorge Reyes to third
Runner from 3rd tries for Home, SAFE, no throw or cutoff
Batting: RHB Alfredo López 0-0: Ball
1-0: Foul Ball, location: 2F
1-1: Swinging Strike
1-2: Ground out 5-3 (Groundball, 5L)
Top of the 8th over - 1 run(s), 2 hit(s), 0 error(s), 1 left on base; Myrtle Beach 1 - Athletic Club KC Academy 2
BOTTOM OF THE 8TH
Athletic Club KC Academy batting - Pitching for Myrtle Beach Mermen : LHP Pedro Aquino
Batting: RHB Dave Robertson 0-0: Hit by Pitch
Pinch Hitting: RHB Leonardo Ortega 0-0: Foul Ball, location: 2F
0-1: Foul Ball, location: 2F
0-2: Foul Ball, location: 2F
0-2: Foul Ball, location: 2F
0-2: Ball
1-2: Ball
2-2: Foul Ball, location: 2F
2-2: Ball
3-2: 2-RUN HOME RUN (Flyball, 7D), Distance : 369 ft
Pitching: RHP Kenny Ryan
Batting: RHB Chris Teague 0-0: SINGLE (Groundball, 34S)
Batting: RHB Mike Lovell 0-0: Foul Ball, location: 2F
0-1: Foul Ball, location: 2F
0-2: Strikes out looking
Batting: RHB Bob Curry 0-0: Ball
1-0: Foul Ball, location: 2F
1-1: Ball
2-1: Ball
3-1: Base on Balls
Chris Teague to second
Batting: RHB Frank Church 0-0: Called Strike
Chris Teague is caught stealing 3rd base
Bob Curry to second
0-1: Called Strike
0-2: Foul Ball, location: 2F
0-2: Ball
1-2: Ball
2-2: Ball
3-2: Fly out, F6 (Line Drive, 6M)
Bottom of the 8th over - 2 run(s), 2 hit(s), 0 error(s), 1 left on base; Myrtle Beach 1 - Athletic Club KC Academy 4
TOP OF THE 9TH
Myrtle Beach Mermen batting - Pitching for Athletic Club KC Academy : RHP Craig Evans
Pitching: LHP António Silva
Now at 1B: Adrian Draper
Batting: LHB Joe Cashmore 0-0: Fly out, F7 (Flyball, 78M)
Batting: RHB Javier Robles 0-0: Ball
1-0: Foul Ball, location: 2F
1-1: Ball
2-1: Called Strike
2-2: Strikes out looking
Batting: RHB António Ruíz 0-0: Ball
1-0: Ball
2-0: Ball
3-0: Called Strike
3-1: Fly out, F8 (Line Drive, 8RM)
Top of the 9th over - 0 run(s), 0 hit(s), 0 error(s), 0 left on base; Myrtle Beach 1 - Athletic Club KC Academy 4
This league is powered by Out of the Park Baseball, the baseball management simulation game for PC, Mac and Linux
Friday, April 15th, 2016 - OOTP Baseball 16.9 Build 39